 Dungeon Crawl Stone Soup version 0.31-a0-1-g4198be8af4 (webtiles) character file.

Game seed: 3621988399313495184

485933 Dittersdorf the Slayer (level 24, -30/176 HPs)
             Began as a Gargoyle Fighter on May 2, 2023.
             Was a High Priest of Okawaru.
             Annihilated by a fire giant
             ... wielding a +1 great sword of flaming
              (35 damage)
             ... on level 5 of the Vaults.
             The game lasted 01:43:42 (46094 turns).

Dittersdorf the Slayer (Gargoyle Fighter)          Turns: 46094, Time: 01:43:43

Health: -30/176    AC: 76    Str: 42    XL:     24   Next: 95%
Magic:  21/23      EV: 11    Int: 13    God:    Okawaru [*****.]
Gold:   2700       SH: 26    Dex: 13    Spells: 21/23 levels left

rFire   + + +        E - +8 morningstar of Impatience {protect, rF+}
rCold   + + +        I - +2 tower shield {AC+3}
rNeg    + . .        e - +6 gold dragon scales
rPois   ∞            N - +0 hat
rElec   +            n - +2 cloak
rCorr   +            G - +0 pair of gloves "Pimm" {rF+ rC+ SInv}
SInv    +            L - +1 pair of boots {Stlth+}
Will    +....        f - amulet of Jinwux {rF+ Regen+} Stlth
                     j - ring of Ukuora {AC+4 Int+5 SInv}
HPRegen 1.29/turn    B - ring of the Three Spreadsheets {rCorr Str+6 Dex+5}
MPRegen 0.18/turn

%: no passive effects
@: mighty, resistant, heroic, under a protective aura, flying, hasted, studying
2 skills, very quick
A: sickness immunity, AC +18, big wings, negative energy resistance 1,
electricity resistance, torment resistance 1, petrification resistance, horns 1,
iridescent scales 1, strong 1, wild magic 1, MP-powered wands
}: 2/15 runes: decaying, gossamer
a: Renounce Religion, Heroism, Finesse, Duel


You were on level 5 of the Vaults.
You worshipped Okawaru.
Okawaru was extremely pleased with you.
You visited 10 branches of the dungeon, and saw 44 of its levels.
You visited the Abyss 3 times.
You visited 1 bazaar.
You also visited: Sewer, Gauntlet and Ice Cave.

You collected 6081 gold pieces.
You spent 3381 gold pieces at shops.

Inventory:

Hand Weapons
 E - the +8 morningstar of Impatience (weapon) {protect, rF+}
   (You took it off a centaur on level 9 of the Dungeon)

   rF:        It protects you from fire.
Missiles
 q - 6 curare-tipped darts (quivered)
 D - 6 throwing nets
Armour
 e - +6 gold dragon scales (worn)
 n - a +2 cloak (worn)
 A - a +2 pair of gloves of dexterity
 G - the +0 pair of gloves "Pimm" (worn) {rF+ rC+ SInv}
   (Okawaru gifted it to you on level 2 of the Depths)

   rF:        It protects you from fire.
   rC:        It protects you from cold.
   SInv:      It lets you see invisible.
 H - a +1 helmet
 I - a +2 tower shield of protection (worn)
 L - a +1 pair of boots of stealth (worn)
 N - a +0 hat (worn)
Jewellery
 f - the amulet of Jinwux (around neck) {rF+ Regen+}
   (You found it in a Gauntlet)

   [amulet of regeneration]

   rF:        It protects you from fire.
   Regen:     It increases your rate of health regeneration.
 j - the ring of Ukuora (left hand) {AC+4 Int+5 SInv}
   (You found it on level 5 of the Lair of Beasts)

   [ring of protection]

   AC:        It affects your AC (+4).
   Int:       It affects your intelligence (+5).
   SInv:      It lets you see invisible.
 o - a ring of positive energy
 t - a ring of positive energy
 y - a ring of willpower
 B - the ring of the Three Spreadsheets (right hand) {rCorr Str+6 Dex+5}
   (You bought it in a shop on level 2 of the Orcish Mines)

   [ring of strength]

   Str:       It affects your strength (+6).
   Dex:       It affects your dexterity (+5).
   rCorr:     It protects you from acid and corrosion.
 J - a ring of ice
 Q - a ring of fire
Wands
 c - a wand of digging (19)
 k - a wand of acid (15)
 v - a wand of iceblast (38)
Scrolls
 g - 16 scrolls of teleportation
 l - a scroll of brand weapon
 u - 14 scrolls of blinking
 z - 9 scrolls of fear
 F - 11 scrolls of enchant weapon
 K - 2 scrolls of silence
 O - 9 scrolls of magic mapping
 R - 5 scrolls of fog
Potions
 a - 5 potions of magic
 b - 14 potions of heal wounds
 d - 12 potions of might
 h - 2 potions of resistance
 m - 13 potions of brilliance
 p - 5 potions of cancellation
 r - 5 potions of invisibility
 s - 11 potions of mutation
 w - 3 potions of berserk rage
 C - 8 potions of ambrosia
 P - 3 potions of haste


   Skills:
 + Level 25.6(27) Fighting
 + Level 19.4(24.4) Maces & Flails
 - Level 9.6(14.6) Polearms
 + Level 23.7(27) Armour
 + Level 23.5(27) Shields


You had 21 spell levels left.
You knew the following spells:

 Your Spells              Type           Power      Damage    Failure   Level
a - Passwall              Tmut/Erth      0%         N/A       88%         2

Your spell library contained the following spells:

 Spells                   Type           Power      Damage    Failure   Level
 Beastly Appendage        Tmut           0%         N/A       78%         1
 Foxfire                  Conj/Fire      0%         2x1d4     78%         1
 Magic Dart               Conj           0%         1d3       78%         1
 Shock                    Conj/Air       0%         1d3       78%         1
 Slow                     Hex            0%         N/A       78%         1
 Ensorcelled Hibernation  Hex/Ice        0%         N/A       88%         2
 Lesser Beckoning         Tloc           0%         N/A       88%         2
 Poisonous Vapours        Pois/Air       0%         N/A       88%         2
 Scorch                   Fire           0%         2d5       88%         2
 Searing Ray              Conj           0%         2d4       88%         2
 Wereblood                Tmut           0%         N/A       88%         2
 Confusing Touch          Hex            0%         N/A       98%         3
 Dazzling Flash           Conj/Hex       0%         N/A       98%         3
 Frozen Ramparts          Ice            0%         1d1       98%         3
 Gell's Gravitas          Tloc           0%         N/A       98%         3
 Inner Flame              Hex/Fire       0%         N/A       98%         3
 Mephitic Cloud           Conj/Pois/Air  0%         N/A       98%         3
 Ozocubu's Armour         Ice            0%         N/A       98%         3
 Portal Projectile        Hex/Tloc       0%         N/A       98%         3
 Spider Form              Tmut/Pois      0%         N/A       98%         3
 Swiftness                Air            0%         N/A       98%         3
 Teleport Other           Tloc           0%         N/A       98%         3
 Vampiric Draining        Necr           0%         2d6       98%         3
 Vhi's Electric Charge    Tloc/Air       0%         N/A       98%         3
 Airstrike                Air            0%         2d(0-16)  100%        4
 Anguish                  Hex/Necr       0%         N/A       100%        4
 Dispel Undead            Necr           0%         3d6       100%        4
 Flame Wave               Conj/Fire      0%         2d4       100%        4
 Fulminant Prism          Conj/Hex       0%         3d5       100%        4
 Ice Form                 Ice/Tmut       0%         N/A       100%        4
 Leda's Liquefaction      Hex/Erth       0%         N/A       100%        4
 Manifold Assault         Tloc           0%         N/A       100%        4
 Passage of Golubria      Tloc           0%         N/A       100%        4
 Petrify                  Tmut/Erth      0%         N/A       100%        4
 Sticky Flame             Conj/Fire      0%         2d3       100%        4
 Agony                    Necr           0%         N/A       100%        5
 Arcjolt                  Conj/Air       0%         1d10      100%        5
 Fireball                 Conj/Fire      0%         3d3       100%        5
 Freezing Cloud           Conj/Ice/Air   0%         6-21      100%        5
 Lee's Rapid Deconstruct  Erth           0%         3d4*      100%        5
 Metabolic Englaciation   Hex/Ice        0%         N/A       100%        5
 Silence                  Hex/Air        0%         N/A       100%        5
 Yara's Violent Unravell  Hex/Tmut       0%         3d3       100%        5
 Dispersal                Tloc           0%         N/A       100%        6
 Plasma Beam              Fire/Air       0%         2x1d11    100%        6
 Starburst                Conj/Fire      0%         6d3       100%        6
 Disjunction              Tloc           0%         N/A       100%        8
 Maxwell's Capacitive Co  Air            0%         ∞         100%        8
 Cigotuvi's Dreadful Rot  Necr/Pois/Air  Unusable   N/A       N/A         2
 Sublimation of Blood     Necr           Unusable   N/A       N/A         2
 Call Canine Familiar     Summ           Unusable   N/A       N/A         3
 Tukima's Dance           Hex            Unusable   N/A       N/A         3
 Summon Ice Beast         Ice/Summ       Unusable   N/A       N/A         4
 Death Channel            Necr           Unusable   N/A       N/A         6
 Simulacrum               Ice/Necr       Unusable   N/A       N/A         6
 Statue Form              Tmut/Erth      Unusable   N/A       N/A         6
 Summon Cactus Giant      Summ           Unusable   N/A       N/A         6
 Summon Hydra             Summ           Unusable   N/A       N/A         7

Dungeon Overview and Level Annotations

Branches:
Dungeon (15/15)            Temple (1/1) D:4            Lair (5/5) D:8
  Swamp (4/4) Lair:2       Spider (4/4) Lair:2        Slime (0/5) Lair:4
    Orc (2/2) D:12            Elf (3/3) Orc:2        Vaults (4/5) D:14
  Crypt (0/3) Vaults:3     Depths (4/4) D:15           Hell (visited)
    Zot (0/5) Depths:4      Sewer (visited)           IceCv (visited)
Gauntlet (visited)
    Dis: Hell:1         Geh: Hell:1         Coc: Hell:1         Tar: Hell:1

Altars:
Ashenzari
Cheibriados
Dithmenos
Elyvilon
Fedhas
Gozag
Hepliaklqana
Kikubaaqudgha
Nemelex Xobeh
Okawaru
Qazlal
Ru
Sif Muna
Uskayaw
Vehumet
Xom
Zin
The Shining One
Jiyva
Lugonu

Shops:
D:5 *   Orc:1 *   Orc:2 =!=(   Elf:3 *

Portals:
Hell: Depths:1 Depths:2 Depths:3 Depths:4
Abyss: Depths:1 Depths:3
Pandemonium: Depths:1 Depths:2 Depths:3
Ziggurat: Depths:3

Annotations:
Elf:1 6 transporters
Hell Geryon


Innate Abilities, Weirdness & Mutations

You are immune to sickness and miasma.
Your stone body is resilient. (AC +18)
You are immune to poison.
Your large and strong wings let you fly.
You resist negative energy. (rN+)
You are resistant to electric shocks. (rElec)
You are resistant to unholy torment.
You are immune to petrification.
You have a pair of small horns on your head.
You are partially covered in iridescent scales. (AC +2)
Your muscles are strong. (Str +4, Int/Dex -1)
Your spells are a little harder to cast, but a little more powerful.
You expend magic power (3 MP) to strengthen your wands.


Message History

* * * LOW HITPOINT WARNING * * *
The fire giant is engulfed in freezing vapours.
The fire giant hits you but does no damage.
You block the stone giant's attack.
You perforate the stone giant like a sieve!!!
You headbutt the stone giant!
The stone giant is almost dead.
You hear a deafening roar!
You hear a shout!
You block the wolf spider's attack.
The wolf spider bites you but does no damage.
You hit the stone giant but do no damage.
The stone giant is almost dead.
The stone giant hits you but does no damage.
You block the fire giant's attack. You block the vault guard's attack.
The stone giant hits you but does no damage.
The deep elf annihilator gestures wildly while chanting.
The deep elf annihilator blinks!
You bludgeon the stone giant!!
You kill the stone giant!
Okawaru accepts your kill.
A freezing mist starts to gather...
A stone giant simulacrum comes into view.
The wolf spider hits you but does no damage.
You block the wolf spider's attack.
You sock the stone giant!
The stone giant is almost dead.
The wolf spider hits you but does no damage.
You block the wolf spider's attack. The stone giant completely misses you.
You block the fire giant's attack.
The vault guard hits you but does no damage.
You spit the stone giant like a pig!!!
You kill the stone giant!
Okawaru accepts your kill.
A freezing mist starts to gather...
A stone giant simulacrum comes into view.
You puncture the fire giant! You headbutt the fire giant.
The fire giant is heavily wounded.
You block the wolf spider's attack. x2; You block the vault guard's attack.
The fire giant hits you with a +1 great sword of flaming!!
You die...

##.[... #....+ +
#....# (#
#....#="#
#....'##+.
##........
#Z##+##'#
##cp.......
#@ZeW+##'..
#sCC.# ##
#....#p.pC#
$..#....#WZ.e'#
##.#....##'.....
..........#######
##.......C#####
.$...cpp.......
.....pQpT......


You could see a titan (soul bound), a fire giant (soul bound, strong), a yaktaur
captain (soul bound), a vault guard (soul bound), a deep elf annihilator (soul
bound, strong), a deep elf death mage (soul bound), an ettin (soul bound), a
flayed ghost, a wolf spider (soul bound), an ironbound convoker (soul bound), a
freezing wraith, a necromancer, an ettin simulacrum and 2 stone giant simulacra.

Vanquished Creatures
  Mara (Swamp:3)
  The ghost of Luiw the Slayer, a veteran HOBe of Trog (Vaults:2)
  Bai Suzhen (Depths:1)
  Saint Roka (Orc:2)
  2 golden dragons (Depths:3)
  A bone dragon (Depths:3)
  The ghost of avangion the Eclecticist, an adept DECj of Vehumet (Vaults:4)
  2 hellephants (Vaults:3)
  3 deep elf blademasters
  3 deep elf master archers
  4 tentacled monstrosities
  2 titans
  Asterion (Spider:1)
  4 sphinxes
  5 tengu reavers
  A revenant (Vaults:2)
  The ghost of jasper the Stormcaller, an adept DsAE of Vehumet (D:15)
  4 fire giants
  2 iron dragons
  2 fenstrider witches
  7 emperor scorpions
  4 ghost moths
  3 frost giants
  A curse skull (Vaults:3)
  5 deep elf sorcerers
  14 vault wardens
  Aizul (Vaults:2)
  An orc warlord (Vaults:3)
  A ghoul (Vaults:3)
  A balrug (Depths:3)
  A draconian stormcaller (Depths:4)
  A cacodemon (Abyss:2)
  3 deep elf elementalists
  A broodmother (Spider:4)
  A quicksilver ooze (Vaults:1)
  23 very ugly things
  2 war gargoyles (Vaults:4)
  19 ironbound preservers
  The ghost of Paage the Severer, a journeyman MiBe of Trog (Elf:1)
  A vampire knight (Depths:4)
  8 ironbound thunderhulks
  3 eleionomae
  5 deep elf annihilators
  2 black draconians (Depths:4)
  15 stone giants
  A minotaur (Gauntlet)
  A red draconian (Depths:4)
  7 spark wasps
  2 lorocyprocas
  A wendigo (Depths:4)
  A deep elf demonologist (Elf:1)
  Azrael (D:14)
  5 dire elephants
  A white draconian (Depths:4)
  5 bunyips
  A green death (Gauntlet)
  Josephine (Spider:1)
  A blizzard demon (Depths:3)
  3 crystal guardians (Vaults:4)
  2 deep elf death magi (Elf:3)
  5 entropy weavers
  Snorg (Lair:3)
  3 eidola (Vaults:2)
  A merfolk javelineer (Depths:2)
  11 ettins
  14 yaktaur captains
  7 fire dragons
  A shambling mangrove (Swamp:4)
  7 deep elf high priests (Elf:3)
  A fire dragon (shapeshifter) (Depths:2)
  3 caustic shrike simulacra (IceCv)
  6 great orbs of eyes
  The ghost of BillyBaka the Basher, a journeyman MiFi of the Shining One (Lair:1)
  2 rakshasas (Depths:1)
  22 hydras
  The ghost of lotum the Severer, a journeyman FoFi of Zin (D:9)
  5 ice dragons
  A spriggan air mage (Depths:4)
  31 vault guards
  A hell beast (Depths:3)
  4 peacekeepers (Vaults:4)
  Erolcha (Orc:2)
  10 boulder beetles
  10 ironbound frosthearts
  An anaconda (shapeshifter) (Depths:4)
  3 ogre magi
  3 radroaches
  2 ghost crabs
  A starcursed mass (Abyss:3)
  9 two-headed ogres
  34 dancing weapons
  2 tengu warriors
  3 centaur warriors
  4 death yaks
  An orc high priest (Elf:2)
  16 alligators
  4 deep troll shamans
  4 hell hogs (Abyss:3)
  5 deep troll earth magi
  The ghost of Cotisur the Grappler, a journeyman VSTm of Wu Jian (D:11)
  10 spriggan berserkers
  4 sun demons (Depths:4)
  4 spriggans
  3 thrashing horrors (Abyss:3)
  Sonja (Lair:3)
  5 soul eaters (Depths:4)
  A fire crab (shapeshifter) (D:13)
  A skyshark (Lair:5)
  The ghost of Darkkill the Skirmisher, a novice MiHu (D:7)
  Nergalle (Lair:3)
  A sixfirhy (Abyss:2)
  20 hell knights
  3 shadow wraiths
  14 deep elf knights
  A spectral death yak (Lair:2)
  2 skeletal warriors
  A wretched star (Abyss:3)
  10 iron trolls
  A skyshark (shapeshifter) (Depths:3)
  2 pharaoh ants
  2 spriggan druids
  8 goliath frogs
  5 orb spiders
  A shadow demon (Depths:2)
  4 glowing orange brains
  2 orange crystal statues (IceCv)
  44 deep trolls
  2 obsidian statues
  3 flayed ghosts
  18 ironbound convokers
  A phantasmal warrior (Vaults:5)
  9 swamp dragons
  4 bog bodies
  4 necromancers
  8 steelbarb worms
  2 orc knights (Vaults:3)
  10 harpies
  A sphinx zombie (Depths:1)
  9 lindwurms
  15 deep elf archers
  11 wizards
  23 deep elf zephyrmancers
  28 deep elf pyromancers
  10 orc sorcerers
  3 large abominations (Abyss:2)
  2 manticores
  41 ugly things
  A will-o-the-wisp (Swamp:3)
  4 moths of wrath
  8 cyclopes
  14 wolf spiders
  15 vault sentinels
  6 elephants (Lair:1)
  3 black mambas
  35 slime creatures
  A smoke demon (Depths:2)
  17 demonic crawlers
  16 cane toads
  3 torpor snails
  4 centaur skeletons (D:14)
  A gargoyle (D:13)
  Maggie (D:9)
  3 rime drakes
  An efreet (D:14)
  A kobold demonologist (D:10)
  6 freezing wraiths
  8 komodo dragons
  44 yaktaurs
  3 anaconda simulacra (IceCv)
  2 ice devils
  5 tengu conjurers
  A golden dragon simulacrum (IceCv)
  12 meliai
  4 trolls
  2 queen bees
  An ancient zyme (Abyss:3)
  A hellwing (Depths:2)
  10 tyrant leeches
  A polar bear (shapeshifter) (D:15)
  3 polar bears
  A meliai (shapeshifter) (D:15)
  9 hornets
  A shadow dragon simulacrum (Depths:1)
  7 dream sheep (Lair:3)
  Grinder (D:5)
  A harpy skeleton (Hell)
  13 tarantellas
  10 blink frogs
  4 raiju
  2 air elementals
  3 shadows
  17 jumping spiders
  18 culicivoras
  5 water elementals
  A culicivora (shapeshifter) (Vaults:4)
  46 yaks
  2 ynoxinuls
  2 hogs (D:14)
  7 basilisks
  4 wyverns
  3 wraiths (Spider:1)
  3 humans (D:14)
  2 neqoxecs
  2 chaos spawn
  10 fire elementals
  95 redbacks
  A small abomination (Abyss:3)
  7 vampire mosquitoes
  12 swamp worms
  A redback (shapeshifter) (Depths:3)
  2 harpy simulacra
  A warg (Orc:2)
  14 water moccasins
  2 acid dragons
  9 swamp drakes
  A hydra simulacrum (IceCv)
  A hell hound (D:14)
  24 orc warriors
  2 sky beasts
  4 ettin simulacra (IceCv)
  6 ice beasts
  2 black bears
  9 ogres
  2 alligator simulacra (IceCv)
  A spectral rime drake (Lair:2)
  A boggart (Elf:1)
  14 centaurs
  7 wolves
  2 phantoms
  2 gnoll sergeants
  5 kobold brigands
  20 bullfrogs
  6 scorpions
  4 earth elementals
  27 killer bees
  2 lindwurm simulacra (IceCv)
  5 howler monkeys
  4 electric eels
  A quasit (Abyss:2)
  19 orc priests
  4 jellies
  A gnoll bouda (Lair:2)
  A hound (D:5)
  An iron imp (D:7)
  A sleepcap (D:6)
  Jessica (D:2)
  41 orc wizards
  3 iguanas
  11 gnolls
  19 adders
  5 river rats
  A shadow imp (D:8)
  7 white imps
  4 ufetubi
  3 worms
  3 dart slugs
  90 orcs
  14 bats
  12 endoplasms
  3 giant cockroaches
  4 goblins
  11 hobgoblins
  9 jackals
  5 quokkas
  13 ball pythons
  3 frilled lizards
  48 kobolds
  36 rats
1877 creatures vanquished.

Vanquished Creatures (others)
  Kirke (D:14)
  A vampire knight (Depths:2)
  A hydra (Swamp:4)
  3 deep elf knights
  A deep elf pyromancer (Elf:2)
  2 deep elf zephyrmancers (Elf:2)
  A wolf spider (Spider:3)
  A tengu conjurer (Depths:3)
  2 bloated husks
  An ettin skeleton (Depths:1)
  A fire elemental (Elf:3)
  2 orcs (Orc:2)
  4 foxfires (Swamp:3)
  40 fungi
  86 plants
  4 tentacles (Abyss:3)
151 creatures vanquished.

Grand Total: 2028 creatures vanquished

Notes
Turn   | Place    | Note
-------+----------+-------------------------------------------
     0 | D:1      | Dittersdorf the Gargoyle Fighter began the quest for the
                  | Orb.
     0 | D:1      | Reached XP level 1. HP: 14/14 MP: 1/1
   116 | D:1      | Reached XP level 2. HP: 14/19 MP: 2/2
   400 | D:1      | Found a faded altar of an unknown god.
   455 | D:1      | Reached XP level 3. HP: 22/23 MP: 3/3
   976 | D:2      | Noticed Jessica
   983 | D:2      | Killed Jessica
   984 | D:2      | Reached skill level 4 in Fighting
   984 | D:2      | Reached XP level 4. HP: 25/29 MP: 4/4
  1294 | D:2      | Reached XP level 5. HP: 31/33 MP: 2/5
  2360 | D:3      | Identified the +0 robe "Idaorade" {rElec rC- Str+8 Dex-3}
  2645 | D:4      | Reached XP level 6. HP: 39/39 MP: 3/6
  2921 | D:4      | Found a glowing drain.
  2963 | Sewer    | Entered a sewer
  3033 | Sewer    | Reached skill level 5 in Fighting
  3033 | Sewer    | Reached skill level 5 in Armour
  3108 | Sewer    | Reached skill level 5 in Shields
  3208 | Sewer    | Reached XP level 7. HP: 44/44 MP: 7/7
  3685 | D:4      | Found a staircase to the Ecumenical Temple.
  3697 | Temple   | Entered the Ecumenical Temple
  3703 | Temple   | Became a worshipper of Warmaster Okawaru
  3890 | D:4      | Found the +11 Singing Sword {sonic wave}
  3940 | D:4      | Reached XP level 8. HP: 51/51 MP: 8/8
  4224 | D:5      | Entered Level 5 of the Dungeon
  4373 | D:5      | Reached * piety under Okawaru
  4374 | D:5      | Reached skill level 6 in Fighting
  4394 | D:5      | Found Igoer's Assorted Antiques.
  4403 | D:5      | Bought a scroll labelled SITAFA ENIEC for 29 gold pieces
  4403 | D:5      | Bought a glowing brown potion for 26 gold pieces
  4403 | D:5      | Bought an amethyst potion for 26 gold pieces
  4511 | D:5      | Reached skill level 5 in Maces & Flails
  4821 | D:6      | Noticed Grinder
  4821 | D:6      | Paralysed by Grinder for 3 turns
  4839 | D:5      | Learned a level 2 spell: Passwall
  4873 | D:5      | Killed Grinder
  5034 | D:6      | Reached ** piety under Okawaru
  5035 | D:6      | Reached XP level 9. HP: 56/56 MP: 9/9
  5296 | D:6      | Reached skill level 7 in Fighting
  5962 | D:7      | Found a snail-covered altar of Cheibriados.
  5968 | D:7      | Reached *** piety under Okawaru
  6337 | D:7      | Noticed a moth of wrath
  6356 | D:7      | Found a transporter.
  6358 | D:7      | Noticed a komodo dragon
  6359 | D:7      | Noticed Darkkill's ghost (novice MiHu)
  6373 | D:7      | Found a transporter.
  6647 | D:8      | Identified the +9 rapier "Transmigrator" {heavy, Fragile
                  | rElec rN+ Str-3 Dex+3}
  6746 | D:8      | Reached skill level 8 in Fighting
  6827 | D:8      | Found a hide-covered altar of Uskayaw.
  6861 | D:8      | Reached XP level 10. HP: 62/64 MP: 10/10
  7088 | D:8      | Found a staircase to the Lair.
  7282 | D:9      | Reached **** piety under Okawaru
  7407 | D:9      | Noticed lotum's ghost (journeyman FoFi)
  7414 | D:9      | Found a transporter.
  7419 | D:9      | Found a transporter.
  7509 | D:9      | Noticed Maggie
  7530 | D:9      | Killed Maggie
  7580 | D:9      | Found a broken altar of Ashenzari.
  7581 | D:9      | Found a shimmering blue altar of Sif Muna.
  7605 | D:9      | Found a blossoming altar of Fedhas.
  7632 | D:9      | Reached skill level 9 in Fighting
  7718 | D:9      | Noticed a two-headed ogre
  7723 | D:9      | Reached skill level 1 in Polearms
  7736 | D:9      | Killed a two-headed ogre
  7736 | D:9      | Reached ***** piety under Okawaru
  7848 | D:9      | Identified the +8 morningstar of Impatience {protect, rF+}
  8235 | D:7      | Killed Darkkill's ghost
  8235 | D:7      | Identified the +5 plate armour of the Farrier {Int-2 Dex+7}
                  | (Okawaru gifted it to you on level 7 of the Dungeon)
  8235 | D:7      | Received a gift from Okawaru
  8236 | D:7      | Reached XP level 11. HP: 17/72 MP: 8/11
  8238 | D:7      | Killed a moth of wrath
  8391 | D:9      | Killed lotum's ghost
  8392 | D:9      | Reached skill level 10 in Fighting
  8392 | D:9      | Reached skill level 10 in Armour
  8392 | D:9      | Reached skill level 10 in Shields
  8457 | D:10     | Entered Level 10 of the Dungeon
  8501 | D:10     | Noticed a two-headed ogre
  8524 | D:10     | Killed a two-headed ogre
  8562 | D:10     | You fall into a shaft and drop 2 floors!
  8595 | D:12     | Found a staircase to the Orcish Mines.
  8639 | D:12     | Noticed a cyclops
  8650 | D:12     | Killed a cyclops
  8692 | D:12     | Noticed a white ugly thing
  8701 | D:12     | Killed a white ugly thing
  8806 | D:12     | Noticed a brown ugly thing
  8816 | D:12     | Killed a brown ugly thing
  8839 | D:11     | Found a runed translucent door.
  8933 | D:11     | Noticed a two-headed ogre
  8933 | D:11     | Noticed a manticore
  8942 | D:11     | Killed a two-headed ogre
  8943 | D:11     | Reached skill level 5 in Polearms
  8954 | D:11     | Killed a manticore
  8972 | D:11     | Found a gate leading to a gauntlet.
  8990 | Gauntlet | Entered a Gauntlet
  8990 | Gauntlet | Noticed a necromancer
  8990 | Gauntlet | Found a transporter.
  8990 | Gauntlet | Found a transporter.
  8991 | Gauntlet | Noticed a tengu warrior
  9008 | Gauntlet | Found a transporter.
  9012 | Gauntlet | Found a transporter.
  9015 | Gauntlet | Noticed a shining eye
  9024 | Gauntlet | Found a transporter.
  9025 | Gauntlet | Found a transporter.
  9032 | Gauntlet | Found a transporter.
  9047 | Gauntlet | Found a runed translucent gate.
  9048 | Gauntlet | Found a transporter.
  9048 | Gauntlet | Found a runed translucent gate.
  9049 | Gauntlet | Found a runed translucent gate.
  9051 | Gauntlet | Noticed a green death
  9062 | Gauntlet | Found a transporter.
  9066 | Gauntlet | Found a transporter.
  9067 | Gauntlet | Found a runed translucent door.
  9077 | Gauntlet | Found a transporter.
  9078 | Gauntlet | Found a transporter.
  9118 | Gauntlet | Reached skill level 11 in Fighting
  9118 | Gauntlet | Reached XP level 12. HP: 80/80 MP: 12/12
  9221 | Gauntlet | Killed a green death
  9225 | Gauntlet | Identified the amulet of Jinwux {rF+ Regen+}
  9253 | Gauntlet | Noticed a minotaur
  9280 | Gauntlet | Killed a minotaur
  9517 | D:10     | Identified the +0 robe of the Jackalope {Int+3}
  9609 | D:10     | Found a sacrificial altar of Ru.
  9618 | D:10     | Found a shadowy altar of Dithmenos.
  9988 | D:10     | Found an ancient bone altar of Kikubaaqudgha.
 10333 | Lair:1   | Entered Level 1 of the Lair of Beasts
 10385 | Lair:1   | Found a transporter.
 10389 | Lair:1   | Noticed BillyBaka's ghost (journeyman MiFi)
 10530 | Lair:1   | Found a transporter.
 10582 | Lair:1   | Reached skill level 12 in Fighting
 10710 | Lair:1   | Received a gift from Okawaru
 10715 | Lair:1   | Reached XP level 13. HP: 48/86 MP: 11/13
 11274 | Lair:1   | Killed BillyBaka's ghost
 11329 | Lair:2   | Found a hole to the Spider Nest.
 11468 | Lair:2   | Found a staircase to the Swamp.
 12183 | Lair:2   | Reached skill level 13 in Fighting
 12189 | Lair:2   | Received a gift from Okawaru
 12332 | Lair:3   | Noticed Nergalle
 12343 | Lair:3   | Killed Nergalle
 12395 | Lair:3   | Noticed Snorg
 12410 | Lair:3   | Killed Snorg
 12420 | Lair:3   | Identified the +5 scale mail of the Fiddle {rPois Will+
                  | Str+3}
 12429 | Lair:3   | Noticed Sonja
 12820 | Lair:3   | Killed Sonja
 13022 | Lair:3   | Gained mutation: Your large and strong wings let you fly.
                  | [Gargoyle growth]
 13022 | Lair:3   | Reached XP level 14. HP: 92/94 MP: 14/14
 13165 | Lair:4   | Identified the +2 hand crossbow of Discretion {penet, rC+
                  | Int+4 Dex+6} (Okawaru gifted it to you on level 4 of the
                  | Lair of Beasts)
 13165 | Lair:4   | Received a gift from Okawaru
 13279 | Lair:4   | Found a viscous altar of Jiyva.
 13279 | Lair:4   | Found a staircase to the Slime Pits.
 13752 | Lair:5   | Entered Level 5 of the Lair of Beasts
 14010 | Lair:5   | Reached skill level 14 in Fighting
 14046 | Lair:5   | Received a gift from Okawaru
 14133 | Lair:5   | Identified the ring of Ukuora {AC+4 Int+5 SInv}
 14937 | D:11     | Noticed Cotisur's ghost (journeyman VSTm)
 14973 | Orc:1    | Entered Level 1 of the Orcish Mines
 15271 | Orc:2    | Entered Level 2 of the Orcish Mines
 15407 | Orc:2    | Found a staircase to the Elven Halls.
 15623 | Orc:1    | Found Topliced's Tempting Trifles.
 15631 | Orc:1    | Bought a +2 tower shield for 264 gold pieces
 15661 | Orc:1    | Paralysed by an orc sorcerer for 2 turns
 16124 | Orc:2    | Noticed Saint Roka
 16236 | Orc:2    | Noticed Erolcha
 16240 | Orc:2    | Reached ****** piety under Okawaru
 16240 | Orc:2    | Received a gift from Okawaru
 16328 | Orc:2    | Found Jaentes's Jewellery Emporium.
 16377 | Orc:2    | Found Qil Umew's Antique Weapon Shoppe.
 16383 | Abyss:2  | Cast into level 2 of the Abyss (Erolcha)
 16411 | Abyss:2  | Found a corrupted altar of Lugonu.
 16458 | Abyss:2  | Noticed a starcursed mass
 16526 | Abyss:2  | Noticed a cacodemon
 16535 | Abyss:2  | Gained mutation: You have hidden genetic defects. [a
                  | cacodemon]
 16536 | Abyss:2  | Killed a cacodemon
 16550 | Orc:2    | Escaped the Abyss
 16564 | Orc:2    | Killed Erolcha
 16607 | Orc:2    | Found a radiant altar of Vehumet.
 16614 | Orc:2    | Reached XP level 15. HP: 85/101 MP: 15/15
 16645 | Orc:2    | Killed Saint Roka
 16713 | Orc:2    | Paralysed by an orc sorcerer for 4 turns
 16719 | Orc:2    | Paralysed by an orc sorcerer for 2 turns
 16728 | Orc:2    | Found Bene's Distillery.
 16741 | Orc:2    | Gained mutation: You sometimes lose your temper in combat.
                  | [hidden defects]
 16754 | Orc:2    | Found Zeatwi's Jewellery Shoppe.
 16764 | Orc:2    | Bought the ring of the Three Spreadsheets {rCorr Str+6
                  | Dex+5} for 827 gold pieces
 16768 | Orc:2    | Lost mutation: You sometimes lose your temper in combat.
                  | [potion of mutation]
 16768 | Orc:2    | Lost mutation: You have hidden genetic defects. [potion of
                  | mutation]
 16768 | Orc:2    | Gained mutation: You are partially covered in iridescent
                  | scales. (AC +2) [potion of mutation]
 16768 | Orc:2    | Gained mutation: You sometimes lose your temper in combat.
                  | [potion of mutation]
 16768 | Orc:2    | Gained mutation: You are mostly covered in iridescent
                  | scales. (AC +4) [potion of mutation]
 16769 | Orc:2    | Lost mutation: You are mostly covered in iridescent scales.
                  | (AC +4) [potion of mutation]
 16769 | Orc:2    | Lost mutation: You sometimes lose your temper in combat.
                  | [potion of mutation]
 16769 | Orc:2    | Gained mutation: You expend magic power (3 MP) to
                  | strengthen your wands. [potion of mutation]
 16769 | Orc:2    | Gained mutation: You have a pair of small horns on your
                  | head. [potion of mutation]
 16769 | Orc:2    | Gained mutation: Your spells are a little harder to cast,
                  | but a little more powerful. [potion of mutation]
 16769 | Orc:2    | Gained mutation: Your muscles are strong. (Str +4, Int/Dex
                  | -1) [potion of mutation]
 16819 | Orc:2    | Found an ancient bone altar of Kikubaaqudgha.
 17465 | D:11     | Reached skill level 15 in Shields
 17505 | D:11     | Reached skill level 15 in Fighting
 17873 | D:11     | Killed Cotisur's ghost
 17874 | D:11     | Reached skill level 15 in Armour
 18640 | D:13     | Identified the +8 plate armour of the Pit {Slay+2} (Okawaru
                  | gifted it to you on level 13 of the Dungeon)
 18640 | D:13     | Received a gift from Okawaru
 18740 | D:13     | Identified the +4 trident of Mayhem {pain, rPois Stlth+}
 19262 | D:14     | Noticed Azrael
 19293 | D:14     | Killed Azrael
 19566 | D:14     | Noticed Kirke
 19591 | D:14     | Killed Kirke
 19886 | D:13     | Reached skill level 10 in Maces & Flails
 20087 | D:14     | Reached XP level 16. HP: 98/110 MP: 16/16
 20148 | D:14     | Found a gate to the Vaults.
 20414 | D:15     | Entered Level 15 of the Dungeon
 20437 | D:15     | Received a gift from Okawaru
 20576 | D:15     | Found a staircase to the Depths.
 20671 | D:15     | Found a runed translucent door.
 20671 | D:15     | Found a shimmering altar of Xom.
 20671 | D:15     | Noticed jasper's ghost (adept DsAE)
 20902 | D:15     | Reached skill level 16 in Fighting
 21121 | D:15     | Killed jasper's ghost
 21297 | Swamp:1  | Entered Level 1 of the Swamp
 21359 | Swamp:1  | Found a frozen archway.
 21378 | IceCv    | Entered an ice cave
 22011 | IceCv    | Identified a scroll of acquirement
 22044 | Swamp:1  | Acquired 605 gold pieces
 22366 | Swamp:1  | Found a glowing silver altar of Zin.
 22532 | Swamp:2  | Identified the +8 spear of Beifaz {drain, Contam +Blink
                  | Will+ Int+4} (Okawaru gifted it to you on level 2 of the
                  | Swamp)
 22532 | Swamp:2  | Received a gift from Okawaru
 23226 | Swamp:3  | Noticed Mara
 23226 | Swamp:3  | Noticed a fenstrider witch
 23233 | Swamp:3  | Killed a fenstrider witch
 23233 | Swamp:3  | Received a gift from Okawaru
 23244 | Swamp:3  | Killed Mara
 23382 | Swamp:3  | Reached XP level 17. HP: 111/116 MP: 17/17
 23591 | Swamp:4  | Entered Level 4 of the Swamp
 23706 | Swamp:4  | Reached skill level 17 in Fighting
 23845 | Swamp:4  | Identified the +0 ring mail of Monotheism {+Inv Str+5 SInv}
                  | (Okawaru gifted it to you on level 4 of the Swamp)
 23845 | Swamp:4  | Received a gift from Okawaru
 24189 | Swamp:4  | Got a decaying rune of Zot
 24544 | Spider:1 | Entered Level 1 of the Spider Nest
 24638 | Spider:1 | Noticed Josephine
 24649 | Spider:1 | Killed Josephine
 24974 | Spider:1 | Received a gift from Okawaru
 25088 | Spider:1 | Noticed Asterion
 25097 | Spider:1 | Killed Asterion
 26036 | Spider:2 | HP: 2/119 [wolf spider (13)]
 26057 | Spider:2 | Received a gift from Okawaru
 26058 | Spider:2 | Reached XP level 18. HP: 44/124 MP: 18/18
 26457 | Spider:3 | Reached skill level 18 in Fighting
 27784 | Spider:4 | Entered Level 4 of the Spider Nest
 28436 | Spider:4 | Received a gift from Okawaru
 28436 | Spider:4 | Found the +18 Lear's hauberk
 29114 | Spider:4 | Got a gossamer rune of Zot
 29466 | Elf:1    | Entered Level 1 of the Elven Halls
 29567 | Abyss:3  | Found a corrupted altar of Lugonu.
 29567 | Abyss:3  | Cast into level 3 of the Abyss (a deep elf sorcerer)
 29632 | Abyss:3  | Noticed a lich
 29634 | Abyss:3  | Found a corrupted altar of Lugonu.
 29779 | Abyss:3  | Reached XP level 19. HP: 132/132 MP: 19/19
 29818 | Elf:1    | Escaped the Abyss
 30143 | Elf:1    | Found a runed translucent gate.
 30143 | Elf:1    | Found a runed translucent gate.
 30143 | Elf:1    | Found a runed translucent gate.
 30144 | Elf:1    | Found an opulent altar of Gozag.
 30145 | Elf:1    | Noticed Paage's ghost (journeyman MiBe)
 30199 | Elf:1    | Paralysed by an air elemental for 1 turns
 30307 | Elf:1    | Found a transporter.
 30324 | Elf:1    | Reached skill level 19 in Fighting
 30333 | Elf:1    | Found a transporter.
 30338 | Elf:1    | Found a transporter.
 30397 | Elf:1    | Found a transporter.
 30398 | Elf:1    | Found a transporter.
 30659 | Elf:1    | Received a gift from Okawaru
 30759 | Elf:1    | Found a transporter.
 30839 | Elf:1    | Killed Paage's ghost
 31504 | Elf:2    | Found a runed translucent gate.
 31504 | Elf:2    | Found a runed translucent gate.
 31505 | Elf:2    | Found a runed translucent gate.
 31672 | Elf:2    | Identified the +0 kite shield of the Scribe {rC+} (Okawaru
                  | gifted it to you on level 2 of the Elven Halls)
 31672 | Elf:2    | Received a gift from Okawaru
 32089 | Elf:3    | Entered Level 3 of the Elven Halls
 32215 | Elf:3    | Found Qenintos's General Store.
 32231 | Elf:3    | Reached skill level 15 in Maces & Flails
 32259 | Elf:3    | Bought a scroll of blinking for 157 gold pieces
 32671 | Elf:3    | Reached XP level 20. HP: 128/140 MP: 20/20
 32813 | Elf:3    | Reached skill level 20 in Fighting
 32813 | Elf:3    | Reached XP level 21. HP: 32/142 MP: 21/21
 32938 | Elf:2    | Received a gift from Okawaru
 33893 | Elf:3    | Identified the staff of cold "Suecaq" {rElec rC+ Will+
                  | Int-2}
 34212 | Depths:1 | Entered Level 1 of the Depths
 34548 | Depths:1 | Found a one-way gate leading to the halls of Pandemonium.
 34667 | Depths:1 | Received a gift from Okawaru
 34726 | Depths:1 | Found a gateway to Hell.
 34890 | Depths:1 | Found a one-way gate to the infinite horrors of the Abyss.
 34928 | Depths:1 | Found a white marble altar of Elyvilon.
 35178 | Depths:2 | Identified the +0 pair of gloves "Pimm" {rF+ rC+ SInv}
                  | (Okawaru gifted it to you on level 2 of the Depths)
 35178 | Depths:2 | Received a gift from Okawaru
 35232 | Depths:2 | Found a flickering gateway to a bazaar.
 35240 | Depths:2 | Noticed Bai Suzhen
 35259 | Bazaar   | Entered a bazaar
 35259 | Bazaar   | Found Aceceun's General Store.
 35291 | Bazaar   | Found Boikaigi's Antique Armour Boutique.
 35329 | Bazaar   | Found Benlef's Distillery.
 35330 | Bazaar   | Found Keirihez's Magic Scroll Emporium.
 35332 | Bazaar   | Bought a potion of heal wounds for 60 gold pieces
 35374 | Bazaar   | Bought shiny gold dragon scales for 1992 gold pieces
 35432 | Depths:1 | Reached skill level 21 in Fighting
 35456 | Depths:1 | Killed Bai Suzhen
 35598 | Depths:2 | You are sucked into a shaft and drop 2 floors!
 35598 | Depths:4 | Entered Level 4 of the Depths
 35768 | Depths:3 | Noticed a golden dragon
 35812 | Depths:3 | Killed a golden dragon
 35933 | Depths:3 | Identified the +8 sling "Ihaeq" {freeze, rElec Dex+2}
 35967 | Depths:3 | Found a stormy altar of Qazlal.
 35979 | Depths:3 | Noticed a golden dragon
 35999 | Depths:3 | Killed a golden dragon
 36000 | Depths:3 | Reached XP level 22. HP: 155/155 MP: 19/22
 36510 | Depths:2 | Found a transporter.
 36530 | Depths:2 | Found the +3 Mad Mage's Maulers {Infuse+∞ VampMP -Cast}
 36531 | Depths:2 | Found a transporter.
 37111 | Depths:3 | Identified the +1 cloak "Huupys" {rN+ Will- Str+2 Int+3}
 37169 | Depths:3 | Found a corrupted altar of Lugonu.
 37211 | Depths:3 | Received a gift from Okawaru
 37327 | Depths:3 | Found a one-way gateway to a ziggurat.
 37590 | Depths:4 | Acquired a manual of Fighting
 37765 | Depths:4 | Reached skill level 22 in Fighting
 37860 | Depths:4 | Found an ornate altar of the Wu Jian Council.
 37862 | Depths:4 | Found a white marble altar of Elyvilon.
 37862 | Depths:4 | Found a blossoming altar of Fedhas.
 37864 | Depths:4 | Found a shimmering blue altar of Sif Muna.
 37864 | Depths:4 | Found a shimmering altar of Xom.
 37864 | Depths:4 | Found a sparkling altar of Nemelex Xobeh.
 38040 | Depths:4 | Found a gate to the Realm of Zot.
 38276 | Hell     | Entered the Vestibule of Hell
 38276 | Hell     | Noticed Geryon
 38289 | Hell     | Received a gift from Okawaru
 38979 | Vaults:1 | Entered Level 1 of the Vaults
 39358 | D:14     | Reached XP level 23. HP: 164/164 MP: 23/23
 39373 | D:14     | Received a gift from Okawaru
 39443 | D:14     | Paralysed by a sphinx for 4 turns
 39717 | Vaults:1 | Paralysed by a great orb of eyes for 4 turns
 40032 | Vaults:1 | Found a runed translucent door.
 40333 | Vaults:1 | Reached skill level 23 in Fighting
 40964 | Vaults:2 | Identified the +8 flail of Embarrassment {antimagic, rN+++
                  | Will++ Str-5 Stlth+} (Okawaru gifted it to you on level 2
                  | of the Vaults)
 40964 | Vaults:2 | Received a gift from Okawaru
 41247 | Vaults:2 | Identified the +4 arbalest "Sofuf" {heavy, rElec rF+ rN+}
 41446 | Vaults:2 | Found a runed translucent gate.
 41446 | Vaults:2 | Found a runed translucent gate.
 41446 | Vaults:2 | Found a runed translucent gate.
 41448 | Vaults:2 | Noticed Luiw's ghost (veteran HOBe)
 41870 | Vaults:2 | Noticed Aizul
 41886 | Vaults:2 | Killed Aizul
 42163 | Vaults:2 | Killed Luiw's ghost
 42163 | Vaults:2 | Identified the +0 scale mail "Sogop" {rElec rPois} (Okawaru
                  | gifted it to you on level 2 of the Vaults)
 42163 | Vaults:2 | Received a gift from Okawaru
 42186 | Vaults:2 | Reached skill level 24 in Fighting
 42213 | Vaults:2 | Identified the +0 pair of boots "Viyhah" {Rampage rF+}
 42431 | Vaults:3 | You are sucked into a shaft and drop 1 floor!
 42883 | Abyss:3  | Cast into level 3 of the Abyss (a wizard)
 42898 | Vaults:4 | Escaped the Abyss
 42907 | Vaults:4 | Reached XP level 24. HP: 141/174 MP: 23/23
 43288 | Vaults:3 | Found a staircase to the Crypt.
 43976 | Vaults:3 | Found a huge runed gate.
 43976 | Vaults:3 | Found a huge runed gate.
 43976 | Vaults:3 | Found a huge runed gate.
 43976 | Vaults:3 | Found a huge runed gate.
 43976 | Vaults:3 | Found a huge runed gate.
 43977 | Vaults:3 | Found a huge runed gate.
 43977 | Vaults:3 | Found a huge runed gate.
 43977 | Vaults:3 | Found a huge runed gate.
 43977 | Vaults:3 | Found a huge runed gate.
 43977 | Vaults:3 | Found a huge runed gate.
 43978 | Vaults:3 | Found a huge runed gate.
 43979 | Vaults:3 | Found a huge runed gate.
 43981 | Vaults:3 | Found a huge runed gate.
 43982 | Vaults:3 | Found a huge runed gate.
 43983 | Vaults:3 | Found a huge runed gate.
 43984 | Vaults:3 | Found a huge runed gate.
 43992 | Vaults:3 | Found a huge runed gate.
 43992 | Vaults:3 | Found a huge runed gate.
 43992 | Vaults:3 | Found a huge runed gate.
 43992 | Vaults:3 | Found a huge runed gate.
 43992 | Vaults:3 | Found a huge runed gate.
 43992 | Vaults:3 | Found a huge runed gate.
 43993 | Vaults:3 | Found a huge runed gate.
 44003 | Vaults:3 | Found a huge runed gate.
 44004 | Vaults:3 | Found a huge runed gate.
 44014 | Vaults:3 | Found a huge runed gate.
 44014 | Vaults:3 | Found a huge runed gate.
 44014 | Vaults:3 | Found a huge runed gate.
 44014 | Vaults:3 | Found a huge runed gate.
 44014 | Vaults:3 | Found a huge runed gate.
 44015 | Vaults:3 | Found a huge runed gate.
 44016 | Vaults:3 | Found a huge runed gate.
 44017 | Vaults:3 | Found a huge runed gate.
 44018 | Vaults:3 | Found a huge runed gate.
 44026 | Vaults:3 | Found a huge runed gate.
 44026 | Vaults:3 | Found a huge runed gate.
 44455 | Vaults:4 | Reached skill level 25 in Fighting
 44852 | Vaults:4 | Paralysed by a great orb of eyes for 4 turns
 44871 | Vaults:4 | Paralysed by a great orb of eyes for 2 turns
 45383 | Vaults:4 | Acquired a manual of Armour
 45488 | Vaults:4 | Identified the +4 sling of Nosetat {elec, +Blink rCorr
                  | Dex+5}
 45642 | Vaults:4 | Found a large runed translucent door.
 45642 | Vaults:4 | Found a large runed translucent door.
 45643 | Vaults:4 | Noticed avangion's ghost (adept DECj)
 45664 | Vaults:4 | Killed avangion's ghost
 45796 | Vaults:5 | Entered Level 5 of the Vaults
 45809 | Vaults:4 | Received a gift from Okawaru
 46078 | Vaults:5 | HP: 2/176 [ettin/+2 heavy dire flail (65)]
 46088 | Vaults:5 | HP: 2/176 [stone giant (5)]
 46094 | Vaults:5 | Annihilated by a fire giant

Illustrated notes

Levels and vault maps discovered:
D:1:      amcnicky_arrival_choice, layout_basic,
          hellmonk_ecumenical_altar_inner_sanctum
D:2:      layout_basic, uniq_jessica
D:3:      layout_basic, kennysheep_generic_room_10
D:4:      old_forge, layout_loops_ring, minmay_temple_entry_glassed_door,
          portal_sewer_entry_c
D:5:      layout_cave_pools, serial_shops, shop, small_statue_alley_b,
          nicolae_concentric_dashed_squares_wild, amcnicky_mini_pool_small,
          minmay_holes
D:6:      layout_cave_pods, st_stairs_3, uniq_grinder
D:7:      layout_layer_cave, slow_altar_2, gammafunk_ghost_berserking_beasts
D:8:      layout_gridville, nicolae_uskayaw_suspiria,
          grunt_lair_entry_orc_guard_hut
D:9:      layout_loops_ring, fedhas_altar_1, grunt_temple_overflow_open,
          gammafunk_ghost_hive, minmay_misc_feat_iff, uniq_maggie
D:10:     nicolae_cairo_tiling_large, layout_long_grid,
          nicolae_overflow_crystal_walls, mainiacjoe_overflow_swirl,
          enter_bailey_4, nrook_pool_corridor, hangedman_corner_corridor
D:11:     layout_basic, serial_aquarium, aquarium_bridge_straight
          [aquarium_subvault_bridge, aquarium_subvault_wall,
          aquarium_subvault_bridge, aquarium_subvault_window],
          aquarium_bridge_long_separate [aquarium_subvault_window,
          aquarium_subvault_window, aquarium_subvault_bridge,
          aquarium_subvault_wall, aquarium_subvault_bridge,
          aquarium_subvault_window], aquarium_window_fake, aquarium_window_2,
          aquarium_view_2c, aquarium_view_2b, aquarium_pool_four,
          ebering_ghost_inner_flame, gauntlet_entry_generic
D:12:     layout_stronghold, david_orc_3
D:13:     layout_small_grid
D:14:     minmay_bloctagon_deflated, layout_loops_ring,
          hangedman_vaults_entry_quadrant_bands, uniq_azrael, uniq_kirke
D:15:     grunt_enter_depths_giant_problem, layout_basic, ebering_ghost_xom,
          special_room [special_room_bee]
Temple:   compressed_dpeg_circular_temple
Lair:1:   minmay_lair_venomous_thicket, layout_regular_city,
          gammafunk_ghost_arena, chequers_serial_rivers_marsh,
          grunt_megastairs_1
Lair:2:   layout_chaotic_city, nicolae_swamp_entry_spooky,
          spider_nest_entry_webs, serial_bayou_pond_b
Lair:3:   layout_chaotic_city, minivault_11, serial_bayou_pond_d,
          dreamdust_gnoll_shepherd, grunt_megastairs_4, uniq_nergalle,
          uniq_sonja, uniq_snorg
Lair:4:   layout_hall_layers, nicolae_slime_entry_slimehenge
Lair:5:   minmay_lair_end_frog_pond, layout_layer_cave
Swamp:1:  layout_falls_marsh, portal_ice_cave_entry_pillars_1,
          nicolae_swamp_godswood
Swamp:2:  layout_falls_marsh, evilmike_swamp_ruin_house_2
Swamp:3:  layout_basic_swamp, evilmike_swamp_ruin_house_3, uniq_mara
Swamp:4:  swamp_basic_johnstein, layout_basic_swamp
Spider:1: layout_chambers, uniq_asterion, uniq_josephine
Spider:2: layout_spider_delve, nicolae_spider_paper_wasps
Spider:3: layout_chambers, nicolae_spider_baby_got_redback
Spider:4: guppyfry_spider_rune, nicolae_spider_rock_and_or_roll
Orc:1:    layout_diamond_mine, nicolae_alphabet_shops, guppyfry_library_mini
Orc:2:    kennysheep_orc_mage_school, layout_diamond_mine, basic_altar,
          uniq_erolcha, uniq_saint_roka
Elf:1:    layout_gridlike, ebering_ghost_gozag, hangedman_elf_disciples,
          serial_nicolae_subway, nicolae_sub_station_crystal,
          nicolae_sub_station_stone, nicolae_sub_station_metal
Elf:2:    nicolae_elf_blades_splatter_lattice [nooodl_blade_entry_preview],
          layout_rooms, nicolae_elf_glassroom_feature
Elf:3:    minmay_elf_hall_not_hex, layout_geoelf_octagon, serial_shops,
          nicolae_shop_hallway_plus, kennysheep_underground_church
Vaults:1: nicolae_vaults_windows_and_doors_thing, serial_ice_g,
          vaults_dpeg_diagonal, hangedman_vaults_trim, dpeg_vaults_monster_box,
          nicolae_vaults_oozy_zoo, layout_vaults_omnigrid
Vaults:2: gammafunk_ghost_spectres, nicolae_vaults_layer_cake_slice,
          nicolae_vaults_whirlpool_walls, nicolae_vaults_network_star,
          nicolae_vaults_little_squares_1, nicolae_vaults_tetromino_L_2,
          v_misc_8, vaults_mumra_minichess, v_pattern_3,
          nicolae_vaults_yaktaur_gun_rack, nicolae_vaults_diamond_2,
          hangedman_vaults_capsules, ontoclasm_vaults_twist,
          layout_vaults_omnicross, uniq_aizul
Vaults:3: minmay_crypt_entry_simple_box, nicolae_vaults_hexular_roomagon,
          nicolae_vaults_network_periphery, nicolae_vaults_more_shelving_2,
          nicolae_vaults_tetromino_Z_2, ontoclasm_vaults_gateway, serial_ice_b,
          not_door_vault_due, vaults_room_pool,
          nicolae_vaults_variable_pillar_hall, v_misc_8, v_misc_3,
          nicolae_vaults_ellipses_ellipsis, nicolae_vaults_trapezoid_lopsided_1,
          layout_vaults_maze_bifur
Vaults:4: ebering_ghost_disaster_area, v_misc_18, nicolae_vaults_rhombus_6,
          nicolae_vaults_heart-shaped_vault, vaults_room_fours,
          ontoclasm_vaults_idyll, v_misc_19, hangedman_vaults_maws,
          nicolae_vaults_wine_cellar, v_misc_26, st_lattice,
          layout_vaults_chaotic_city
Vaults:5: serial_shops
Depths:1: layout_forbidden_donut, minmay_misc_feat_secret_circle,
          abyss_entry_small_statue_room, pan_entry, hell_entry,
          grunt_ministairs_14, dk_noncrumbling_2, statue_in_the_mist_lemuel,
          elyvilon_altar_4
Depths:2: gammafunk_sealed_arena, layout_cave_pools, hell_entry, serial_shops,
          bzr_entry_islet, rand_demon_pan_entry_8, minmay_misc_feat_tower,
          infiniplex_staircase_spiral_double, uniq_bai_suzhen
Depths:3: kennysheep_room_grid, layout_cross, enter_ziggurat_f,
          minmay_misc_feat_nine_boxes, abyss_entry_flame_altar, pan_entry,
          grunt_mini_vestibule, nicolae_qazlal_scattered_showers,
          minmay_staircase_bubble
Depths:4: evilmike_zot_entry_basic, layout_long_grid, hell_entry,
          doesnt_xom_only_xom
Hell

Skill      XL: |  1  2  3  4  5  6  7  8  9 10 11 12 13 14 15 16 17 18 19 20 21 22 23 24 |
---------------+-------------------------------------------------------------------------+-----
Fighting       | 4 5 6 8 9 11 12 13 14 15 16 17 18 19 20 21 22 24 25 | 25.6
Shields        | 4 5 7 8 9 11 12 13 14 15 16 17 18 19 20 21 22 23 | 23.5
Armour         | 4 5 7 8 9 10 12 13 14 15 16 17 18 19 20 21 22 23 | 23.7
Maces & Flails | 3 4 5 7 8 10 11 12 14 15 16 17 18 19 | 19.4
Polearms       | 3 5 7 8 9 |  9.6

Action                     |  1- 3 |  4- 6 |  7- 9 | 10-12 | 13-15 | 16-18 | 19-21 | 22-24 || total
---------------------------+-------+-------+-------+-------+-------+-------+-------+-------++-------
  Melee: Flail             |   131 |   313 |    53 |       |       |       |       |       ||   497
         Morningstar       |       |       |   422 |   517 |  1275 |  1581 |  1083 |  2122 ||  7000
         Lance             |       |       |       |    61 |       |       |       |       ||    61
         Headbutt          |       |       |       |       |   131 |   459 |   302 |   707 ||  1599
  Throw: Dart              |       |     1 |     5 |    19 |     3 |       |       |       ||    28
 Invoke: Heroism           |       |       |       |    15 |    10 |    10 |    18 |    29 ||    82
         Finesse           |       |       |       |     1 |     1 |       |       |       ||     2
    Use: Scroll            |       |     9 |    11 |     3 |     7 |     3 |     5 |     4 ||    42
         Potion            |       |       |       |       |     3 |     1 |    14 |    12 ||    30
   Stab: Distracted        |       |       |       |       |       |       |     1 |       ||     1
 Armour: Scale mail        |    83 |   115 |       |       |       |       |       |       ||   198
         Chain mail        |       |   151 |   552 |   153 |       |       |       |       ||   856
         Plate armour      |       |       |       |   418 |  1340 |  1525 |   547 |       ||  3830
         Gold dragon scale |       |       |       |       |       |       |   113 |  1757 ||  1870
  Dodge: Dodged            |    66 |   175 |   301 |   227 |   463 |   497 |   246 |   579 ||  2554
  Block: Buckler           |    31 |    95 |   198 |   259 |   356 |       |       |       ||   939
         Tower shield      |       |       |       |       |   848 |  2107 |  1265 |  2740 ||  6960

Table legend: (Time is in decaauts)
 A = Elapsed time spent in this place.
 B = Non-inter-level travel time spent in this place.
 C = Inter-level travel time spent in this place.
 D = Time resting spent in this place.
 E = Time spent auto-exploring this place.
 F = Levels seen in this place.
 G = Mean time per level.
                   A        B        C        D        E       F      G
               +--------+--------+--------+--------+--------+-----+--------+
         Total |  45928 |  42975 |   2953 |   4264 |  23654 |  51 |  900.5 |
       Dungeon |  14482 |  13462 |   1020 |    393 |   8892 |  15 |  965.5 |
        Temple |     12 |      7 |      5 |      0 |      0 |   1 |   12.0 |
          Lair |   4780 |   4408 |    372 |    235 |   2896 |   5 |  956.0 |
         Swamp |   2544 |   2418 |    126 |    242 |   1406 |   4 |  636.0 |
   Spider Nest |   4705 |   4411 |    294 |    383 |   2701 |   4 | 1176.2 |
  Orcish Mines |   1933 |   1650 |    283 |    199 |    757 |   2 |  966.5 |
   Elven Halls |   4324 |   4013 |    311 |    641 |   1678 |   3 | 1441.3 |
        Vaults |   6477 |   6240 |    237 |    775 |   3002 |   5 | 1295.4 |
        Depths |   4284 |   3983 |    301 |    835 |   1727 |   4 | 1071.0 |
          Hell |     50 |     50 |      0 |      0 |      0 |   1 |   50.0 |
         Abyss |    441 |    441 |      0 |     83 |      0 |   3 |  147.0 |
        Bazaar |    140 |    140 |      0 |     12 |     63 |   1 |  140.0 |
         Sewer |    745 |    745 |      0 |      0 |    433 |   1 |  745.0 |
      Ice Cave |    663 |    663 |      0 |    421 |      0 |   1 |  663.0 |
      Gauntlet |    340 |    340 |      0 |     44 |     97 |   1 |  340.0 |
               +--------+--------+--------+--------+--------+-----+--------+

Top non-repeatable levels by time:
Vaults:4: 2207 daAuts
   Elf:3: 1522 daAuts
Vaults:1: 1472 daAuts
Spider:4: 1461 daAuts
   Elf:2: 1431 daAuts
Vaults:2: 1422 daAuts
   Elf:1: 1371 daAuts
Spider:3: 1368 daAuts
    D:14: 1357 daAuts
Depths:4: 1326 daAuts
Vaults:3: 1288 daAuts
Spider:1: 1197 daAuts
    D:11: 1168 daAuts
   Orc:2: 1166 daAuts
  Lair:2: 1150 daAuts
